 Dungeon Crawl Stone Soup version 0.31-a0-544-gceb718ecc6 (webtiles) character file.

Game seed: 15435814697712181274

3523 dialectric the Ruffian (level 9, -8/69 HPs)
             Began as a Demonspawn Shapeshifter on Aug 15, 2023.
             Was a Believer of Trog.
             Killed by an exploding orc (12 damage)
             ... ignited by their inner flame
             ... on level 8 of the Dungeon.
             The game lasted 00:12:42 (7904 turns).

dialectric the Ruffian (Demonspawn Shapeshifter)    Turns: 7904, Time: 00:12:42

Health: -8/69      AC:  8    Str: 26    XL:     9   Next: 81%
Magic:  9/9        EV: 15    Int: 10    God:    Trog [**....]
Gold:   359        SH:  0    Dex: 13    Spells: 8/8 levels left

rFire   + .          .
                       - Unarmed
rCold   . . .        (no shield)
rNeg    . . .        b - +2 ring mail {rF+}
rPois   .            (helmet currently unavailable)
rElec   .            (cloak currently unavailable)
rCorr   .            (gloves currently unavailable)
SInv    .            (boots currently unavailable)
Will    .....        (no amulet)
Stlth   +            r - ring of flight
HPRegen 0.31/turn    f - +6 ring of strength
MPRegen 0.11/turn

%: no passive effects
@: beast-form, flying
A: beast (slay +3), repulsion field 2, icemail 1, condensation shield
a: Begin Untransformation, Renounce Religion, Berserk, Trog's Hand


You were on level 8 of the Dungeon.
You worshipped Trog.
Trog was pleased with you.
You were a hulking beast.
You visited 2 branches of the dungeon, and saw 9 of its levels.

You collected 359 gold pieces.

Inventory:

Missiles
 x - 5 boomerangs
 z - 11 poisoned darts (quivered)
Armour
 a - a +0 animal skin
 b - a +2 ring mail of fire resistance (worn)
 g - a +0 helmet
 p - a +2 pair of gloves
 v - a +0 pair of boots
Jewellery
 f - a +6 ring of strength (right hand)
 n - a ring of resist corrosion
 r - a ring of flight (left hand)
 E - an amulet of guardian spirit
Talismans
 c - a beast talisman (active)
 d - a flux talisman
Wands
 y - a wand of iceblast (11)
 A - a wand of paralysis (11)
 G - a wand of flame (1)
Scrolls
 e - a scroll of enchant armour {unknown}
 m - a scroll of fog
 o - a scroll of torment {unknown}
 D - a scroll of teleportation {unknown}
 F - 4 scrolls of identify
Potions
 h - 3 potions of haste
 k - a potion of might
 t - 2 potions of brilliance
 u - a potion of curing
 w - a potion of enlightenment
 C - a potion of attraction


   Skills:
 * Level 6.1 Fighting
 - Level 1.4 Throwing
 - Level 6.1 Armour
 - Level 4.0 Dodging
 - Level 1.4 Stealth
 - Level 2.2 Shields
 - Level 7.2 Unarmed Combat
 + Level 5.0 Shapeshifting


You had 8 spell levels left.
You didn't know any spells.
Your spell library contained the following spells:

 Spells                   Type           Power      Damage    Failure   Level
 Apportation              Tloc           0%         N/A       50%         1
 Necrotise                Necr           0%         1d4       50%         1
 Summon Small Mammal      Summ           0%         N/A       50%         1
 Ignite Poison            Fire/Tmut/Pois 0%         N/A       86%         3
 Volatile Blastmotes      Fire/Tloc      0%         2d10      86%         3
 Fulminant Prism          Conj/Hex       0%         3d5       99%         4
 Iskenderun's Mystic Bla  Conj/Tloc      0%         2d3       99%         4
 Sticky Flame             Conj/Fire      0%         2d3       99%         4
 Ignition                 Fire           0%         3d3       100%        8


Dungeon Overview and Level Annotations

Branches:
Dungeon (8/15)             Temple (1/1) D:5            Lair (0/5) D:8

Altars:
Cheibriados
Fedhas
Gozag
Hepliaklqana
Kikubaaqudgha
Makhleb
Nemelex Xobeh
Okawaru
Qazlal
Ru
Sif Muna
Trog
Uskayaw
Vehumet
Yredelemnul

Shops:
D:4 =

Annotations:
D:4 Duvessa
D:5 Pikel


Innate Abilities, Weirdness & Mutations

You are a hulking beast.
Your limbs bulge with bestial killing power. (Slay +3)
You are surrounded by a moderate repulsion field. (EV +3)
A meltable icy envelope protects you from harm. (AC +0)
A meltable shield of frost defends you. (SH +0)


Message History

The basilisk bites you but does no damage.
Something hits you but does no damage. The kobold closely misses your orc.
The orc barely misses you.
Your orc hits the orc with a +0 whip.
Flame seeps out of the orc.
Your orc barely misses the orc.
Your orc hits the elephant but does no damage.
Unknown command.
As you read the scroll labelled SUCSAI VUASIADU, it crumbles to dust.
You hear a loud clanging noise!
It was a scroll of noise.
You hear a loud, deep croak!
You hear a shout! x2
The elephant tramples you but does no damage.
The elephant barely misses you. You block the basilisk's attack.
The orc is engulfed in blazing flames.
Trog accepts your kill.
The orc explodes!
The fiery explosion engulfs your orc!!
Your orc's corpse dissolves into shadows!
The fiery explosion engulfs your orc!
Your orc's corpse dissolves into shadows!
The fiery explosion engulfs something!!!
Trog accepts your kill.
Trog appreciates your killing of a magic user.
Reactivating autopickup.
You feel a bit more experienced.
The fiery explosion engulfs the orc!!!
Trog accepts your kill. The fiery explosion engulfs you!
Your icy defences dissipate!
You resist.
* * * LOW HITPOINT WARNING * * *
The orc explodes!
The fiery explosion engulfs the kobold!!
Trog accepts your kill. The fiery explosion engulfs your orc!
Your orc's corpse dissolves into shadows!
Your orc explodes!
The kobold explodes!
The orc wizard explodes!
The fiery explosion engulfs you. You resist.
* * * LOW HITPOINT WARNING * * *
Your orc explodes!
The fiery explosion engulfs you! You resist.
You die...

**,,,,,,,,,**,*,*
*,,,,,>,,....##.########
,,,,,,,,,..##.#.########
,,,,,,,,,..##....#######
..*,,,,,,.###.#§§#######
.#*..P....#..##§§#######
..*#.....##K###§§#######
##**#l..###.###§○#######
...,,KK.....###§h#######
##.#**#.K######Yl#######
##.# #KY######K5#######
.#.# ##K.KYKKKKKK#######
.#.###..KK######§#######
.#>##.#)..######§#######
##.#.###K.######§#######
..#.## ##........#######
.....#**.#####**##


You could see an elephant (inner flame), a basilisk (inner flame), a kobold
brigand (inner flame) and a shadow imp (inner flame).

Vanquished Creatures
  Sigmund (D:2)
  A steam dragon (D:7)
  Edmund (D:4)
  3 water moccasins
  2 ice beasts
  A black bear (D:5)
  An ogre (D:5)
  3 centaurs
  4 phantoms
  2 kobold brigands (D:6)
  6 bullfrogs
  A gnoll sergeant (D:7)
  2 scorpions
  5 wights
  Dowan (D:4)
  A crimson imp (D:5)
  3 hounds
  A lava snake (D:7)
  6 orc priests
  3 jellies
  A gnoll bouda (D:5)
  Jessica (D:2)
  2 iguanas (D:5)
  7 orc wizards
  12 gnolls
  3 adders
  2 shadow imps
  An ufetubus (D:6)
  A worm (D:5)
  14 orcs
  5 ball pythons
  4 endoplasms
  7 giant cockroaches
  6 goblins
  9 hobgoblins
  4 jackals (D:1)
  20 kobolds
  2 quokkas (D:3)
  3 bats
  A frilled lizard (D:3)
  5 rats
158 creatures vanquished.

Vanquished Creatures (others)
  An orc (D:6)
1 creature vanquished.

Grand Total: 159 creatures vanquished

Notes
Turn   | Place    | Note
-------+----------+-------------------------------------------
     0 | D:1      | dialectric the Demonspawn Shapeshifter began the quest for
                  | the Orb.
     0 | D:1      | Reached XP level 1. HP: 15/15 MP: 1/1
   166 | D:1      | Reached skill level 3 in Unarmed Combat
   166 | D:1      | Gained mutation: A meltable shield of frost defends you.
                  | (SH +0) [demonic ancestry]
   166 | D:1      | Reached XP level 2. HP: 7/21 MP: 2/2
   652 | D:1      | Reached XP level 3. HP: 26/26 MP: 3/3
  1636 | D:1      | Reached XP level 4. HP: 10/32 MP: 4/4
  1816 | D:2      | Noticed Sigmund
  1831 | D:2      | Killed Sigmund
  1832 | D:2      | Reached skill level 1 in Stealth
  1832 | D:2      | Reached skill level 4 in Unarmed Combat
  1832 | D:2      | Gained mutation: You are surrounded by a mild repulsion
                  | field. (EV +2) [demonic ancestry]
  1832 | D:2      | Reached XP level 5. HP: 6/37 MP: 5/5
  2169 | D:2      | Noticed Jessica
  2179 | D:2      | Killed Jessica
  2180 | D:2      | Gained mutation: A meltable icy envelope protects you from
                  | harm. (AC +0) [demonic ancestry]
  2180 | D:2      | Reached XP level 6. HP: 43/43 MP: 6/6
  2514 | D:3      | Reached skill level 1 in Shields
  2514 | D:3      | Reached skill level 5 in Unarmed Combat
  2670 | D:3      | Found a sacrificial altar of Ru.
  3680 | D:4      | Noticed Duvessa
  3680 | D:4      | Noticed Dowan
  3771 | D:4      | Noticed Edmund
  3784 | D:4      | Killed Edmund
  4091 | D:4      | Found Fioroac's Jewellery Shop.
  4145 | D:4      | Killed Dowan
  4146 | D:4      | Gained mutation: You are surrounded by a moderate repulsion
                  | field. (EV +3) [demonic ancestry]
  4146 | D:4      | Reached XP level 7. HP: 43/48 MP: 7/7
  4153 | D:5      | Entered Level 5 of the Dungeon
  4313 | D:5      | Reached skill level 6 in Unarmed Combat
  4382 | D:5      | Found a staircase to the Ecumenical Temple.
  4405 | Temple   | Entered the Ecumenical Temple
  4420 | Temple   | Became a worshipper of Trog the Wrathful
  4500 | D:6      | Reached skill level 1 in Armour
  4530 | D:6      | Reached XP level 8. HP: 34/54 MP: 8/8
  4624 | D:6      | Reached skill level 7 in Unarmed Combat
  5112 | D:6      | Reached * piety under Trog
  5472 | D:5      | Noticed Pikel
  5502 | D:4      | Reached XP level 9. HP: 53/64 MP: 9/9
  5934 | D:6      | Reached skill level 5 in Armour
  6079 | D:6      | Reached skill level 1 in Throwing
  6250 | D:7      | Found a hide-covered altar of Uskayaw.
  6295 | D:7      | Found an opulent altar of Gozag.
  6296 | D:7      | Found a sparkling altar of Nemelex Xobeh.
  6513 | D:7      | Reached ** piety under Trog
  6783 | D:7      | Found a shimmering blue altar of Sif Muna.
  7053 | D:7      | Reached skill level 5 in Fighting
  7122 | D:7      | Found an ancient bone altar of Kikubaaqudgha.
  7161 | D:7      | Found a snail-covered altar of Cheibriados.
  7165 | D:7      | Found a blossoming altar of Fedhas.
  7628 | D:5      | Found a radiant altar of Vehumet.
  7628 | D:5      | Found a burning altar of Makhleb.
  7863 | D:8      | Noticed an elephant
  7882 | D:8      | Reached skill level 5 in Shapeshifting
  7904 | D:8      | Killed by an exploding orc... ignited by their inner flame

Illustrated notes

Levels and vault maps discovered:
D:1:      giann_horns, layout_loops_corners, minmay_box_of_dots
D:2:      layout_basic, basic_altar, uniq_jessica, uniq_sigmund
D:3:      layout_basic, mainiacjoe_overflow_surrounded_room, chequers_big_river,
          nicolae_kite_square_tiling_tiny
D:4:      layout_basic, serial_shops, nicolae_shop_stone, uniq_duvessa,
          uniq_edmund
D:5:      layout_basic, grunt_temple_overflow_lords_of_destruction,
          minmay_temple_entry_butterflies, chequers_serial_rivers_marsh,
          serial_bayou_pond_b, minmay_fractal_squares_5, uniq_pikel
D:6:      layout_basic
D:7:      layout_loops_ring, nicolae_uskayaw_suspiria,
          nicolae_sif_muna_condensation, minmay_overflow_temple_star_quad,
          grunt_temple_overflow_opulence, hex_tiny
D:8:      layout_loops_ring, david_lair_generic
Temple:   nicolae_temple_great_sept

Skill      XL: |  1  2  3  4  5  6  7  8  9 |
---------------+----------------------------+-----
Unarmed Combat | 3 4 5 6 7 |  7.2
Shapeshifting  | 3 4 5 |  5.0
Dodging        | 2 3 4 |  4.0
Stealth        | 1 |  1.4
Shields        | 1 2 |  2.2
Armour         | 1 4 6 |  6.1
Fighting       | 3 6 |  6.1
Throwing       | 1 |  1.4

Action                     |  1- 3 |  4- 6 |  7- 9 || total
---------------------------+-------+-------+-------++-------
  Melee: Unarmed           |   113 |    98 |   365 ||   576
         Punch             |     1 |     3 |    26 ||    30
  Throw: Dart              |       |       |    11 ||    11
         Boomerang         |       |       |     2 ||     2
 Invoke: Berserk           |       |       |     3 ||     3
  Evoke: Wand              |       |       |     2 ||     2
    Use: Potion            |       |     1 |     1 ||     2
         Scroll            |       |       |    12 ||    12
   Stab: Sleeping          |     1 |     2 |       ||     3
         Paralysed         |       |       |     3 ||     3
 Armour: Animal skin       |     6 |    14 |       ||    20
         Ring mail         |       |     7 |   150 ||   157
         Skin              |       |     3 |       ||     3
  Dodge: Dodged            |    62 |    40 |   253 ||   355
  Block: Other             |    16 |    12 |    68 ||    96

Table legend: (Time is in decaauts)
 A = Elapsed time spent in this place.
 B = Non-inter-level travel time spent in this place.
 C = Inter-level travel time spent in this place.
 D = Time resting spent in this place.
 E = Time spent auto-exploring this place.
 F = Levels seen in this place.
 G = Mean time per level.
                   A        B        C        D        E       F      G
               +--------+--------+--------+--------+--------+-----+--------+
         Total |   7871 |   7448 |    423 |    453 |   5355 |   9 |  874.6 |
       Dungeon |   7846 |   7432 |    414 |    453 |   5355 |   8 |  980.8 |
        Temple |     24 |     15 |      9 |      0 |      0 |   1 |   24.0 |
               +--------+--------+--------+--------+--------+-----+--------+

Top non-repeatable levels by time:
     D:5: 1255 daAuts
     D:7: 1252 daAuts
     D:1: 1239 daAuts
     D:3: 1217 daAuts
     D:2: 1162 daAuts
     D:6: 980 daAuts
     D:4: 669 daAuts
     D:8: 69 daAuts
  Temple: 24 daAuts
